 Dungeon Crawl Stone Soup version 0.21-a0-404-g291f19a (webtiles) character file.

59 KristoblXynda the Ducker (level 3, 0/19 HPs)
             Began as a Spriggan Berserker on Oct 29, 2017.
             Was a Believer of Trog.
             Slain by a kobold
             ... wielding a +0 club
              (3 damage)
             ... on level 2 of the Dungeon.
             The game lasted 00:02:10 (1683 turns).

KristoblXynda the Ducker (Spriggan Berserker)       Turns: 1683, Time: 00:02:11

Health: 0/19       AC:  2    Str: 14    XL:     3   Next: 78%
Magic:  4/4        EV: 20    Int:  8    God:    Trog [**....]
Gold:   73         SH:  0    Dex: 15    Spells: 2/2 levels left

rFire    . . .     SeeInvis +   a - +0 falchion
rCold    . . .     Gourm    .   (shield restricted)
rNeg     . . .     Faith    .   b - +0 animal skin
rPois    .         Spirit   .   (helmet restricted)
rElec    .         Reflect  .   (no cloak)
rCorr    .         Harm     .   (gloves unavailable)
MR       .....                  (boots unavailable)
Stlth    ++........             (no amulet)
HPRegen  0.06/turn              (no ring)
MPRegen  0.09/turn              (no ring)

@: very quick
A: unfitting armour, see invisible, herbivore 3, speed 3, slow metabolism 2
a: Berserk, Trog's Hand, Burn Spellbooks, Renounce Religion


You were on level 2 of the Dungeon.
You worshipped Trog.
Trog was pleased with you.
You were not hungry.

You visited 1 branch of the dungeon, and saw 2 of its levels.

You collected 73 gold pieces.

Inventory:

Hand Weapons
 a - a +0 falchion (weapon)
Armour
 b - a +0 animal skin (worn)
Scrolls
 d - a scroll of remove curse
 g - 5 scrolls of identify {unknown}
 k - a scroll of teleportation {unknown}
 n - a scroll of fog {unknown}
 o - a scroll of noise {unknown}
Potions
 e - a potion of lignification {unknown}
 i - a potion of magic {unknown}
 j - a potion of heal wounds {unknown}
 l - a potion of flight {unknown}
 m - a potion of brilliance {unknown}
 p - a potion of curing {unknown}
Comestibles
 c - 2 bread rations
 f - a royal jelly
 h - 2 fruits


   Skills:
 - Level 2.4 Fighting
 * Level 3.2 Long Blades
 + Level 5.1 Dodging
 + Level 2.6 Stealth


You had 2 spell levels left.
You didn't know any spells.

Dungeon Overview and Level Annotations

Branches:
Dungeon (2/15)

Altars:


Innate Abilities, Weirdness & Mutations

You are very small and have problems with some larger weapons.
You are too small for most types of armour.
You have supernaturally acute eyesight. (SInv)
You are a herbivore.
You cover ground extremely quickly.
You need consume almost no food.


Message History

You hit the hobgoblin.
The hobgoblin is severely wounded.
The hobgoblin hits you with a club.
The hobgoblin hits you but does no damage.
Things that are here:
2 stones; a kobold corpse The kobold completely misses you.
You riposte.
You hit the kobold.
The kobold is severely wounded.
The hobgoblin hits you with a club.
You hit the kobold but do no damage.
The kobold is severely wounded.
The kobold barely misses you. The hobgoblin hits you with a club.
* * * LOW HITPOINT WARNING * * *
You hit the hobgoblin.
The hobgoblin is almost dead.
The kobold hits you but does no damage. The hobgoblin completely misses you.
You barely miss the hobgoblin.
The hobgoblin is almost dead.
The kobold hits you with a club.
You die...

#.# #.# #.#
#.# ##.## #...
. #$.# ##..
#K@#..<
#.###g(#.#
#...%....#
#####(.###
###..#
####....#####.
#....(.......#
#.##.#.#####.#
#.##.#.#


You could see a hobgoblin and a kobold.

Vanquished Creatures
  A gnoll (D:1)
  3 dart slugs
  A leopard gecko (D:1)
  5 giant cockroaches
  5 goblins
  4 hobgoblins (D:1)
  3 jackals (D:1)
  2 ball pythons (D:1)
  6 bats
  A frilled lizard (D:2)
  4 kobolds
  5 rats
40 creatures vanquished.

Vanquished Creatures (others)
  A hobgoblin (D:2)
1 creature vanquished.

Grand Total: 41 creatures vanquished

Notes
Turn   | Place    | Note
-------+----------+-------------------------------------------
     0 | D:1      | KristoblXynda the Spriggan Berserker began the quest for the Orb.
     0 | D:1      | Reached XP level 1. HP: 11/11 MP: 2/2
   293 | D:1      | Reached skill level 1 in Stealth
   299 | D:1      | Reached XP level 2. HP: 11/16 MP: 3/3
   706 | D:1      | Reached XP level 3. HP: 5/19 MP: 4/4
  1058 | D:1      | Reached skill level 5 in Dodging
  1083 | D:1      | Reached ** piety under Trog
  1683 | D:2      | Slain by a kobold

Vault maps used:
D:1:      minmay_arrival_checkered_box, st_stairs_1
D:2:      kennysheep_generic_room_13, uniq_crazy_yiuf_cottage

Skill      XL: |  1  2  3 |
---------------+----------+-----
Stealth        | 1 2 |  2.6
Long Blades    | 3 |  3.2
Dodging        | 5 |  5.1
Fighting       | |  2.4

Action                   || total
-------------------------++-------
Melee: Falchion          ||    93
Invok: Berserk           ||     1
  Use: Scroll            ||     1
 Stab: Sleeping          ||     3
Armor: Animal skin       ||     8
Dodge: Dodged            ||   112
       Rpst.: Falchion   ||    38

Table legend:
 A = Spawn XP
 B = Non-spawn XP
 C = Spawn XP percentage of total XP
 D = Spawn monster count
 E = Non-spawn monster count
 F = Spawn count percentage of total count
 G = Total turns spent on level
                    A         B        C        D         E        F      G
               +---------+---------+-------+---------+---------+-------+---------
         Total |       0 |      85 |   0.0 |       0 |      40 |   0.0 |  1683
               +---------+---------+-------+---------+---------+-------+---------
           D:1 |       0 |      70 |   0.0 |       0 |      31 |   0.0 |  1551
           D:2 |       0 |      15 |   0.0 |       0 |       9 |   0.0 |   132
               +---------+---------+-------+---------+---------+-------+---------
